 Dungeon Crawl Stone Soup version 0.18.1-1-g2f07953 (webtiles) character file.

77 Steelers13 the Ducker (level 4, -3/37 HPs)
             Began as a Merfolk Berserker on June 14, 2016.
             Was a Believer of Trog.
             Slain by a gnoll
             ... wielding a +0 club
              (4 damage)
             ... on level 2 of the Dungeon.
             The game lasted 00:07:07 (2228 turns).

Steelers13 the Ducker (Merfolk Berserker)           Turns: 2228, Time: 00:07:08

Health: -3/37      AC:  6    Str: 18    XL:     4   Next: 34%
Magic:  4/4        EV: 11    Int:  6    God:    Trog [**....]
Gold:   38         SH:  0    Dex: 13    Spells: 0 memorised, 3 levels left

rFire  . . .     SeeInvis .     a - +0 falchion
rCold  . . .     Gourm    .     l - +0 scale mail
rNeg   . . .     Faith    .     (no shield)
rPois  .         Spirit   .     (no helmet)
rElec  .         Dismiss  .     (no cloak)
rCorr  .         Reflect  .     (no gloves)
SustAt .         Harm     .     (no boots)
MR     .....                    (no amulet)
Stlth  ..........               (no ring)
                                (no ring)

@: drained, not resistant to hostile enchantments, extremely unstealthy
A: change form in water, swift swim
a: Berserk, Trog's Hand, Burn Spellbooks, Renounce Religion


You were on level 2 of the Dungeon.
You worshipped Trog.
Trog was pleased with you.
You were not hungry.

You visited 1 branch of the dungeon, and saw 2 of its levels.

You collected 38 gold pieces.

Inventory:

Hand Weapons
 a - a +0 falchion (weapon)
 k - a +0 short sword
Armour
 l - a +0 scale mail (worn)
Scrolls
 d - 4 scrolls of remove curse {unknown}
 g - a scroll of enchant weapon {unknown}
 h - a scroll of teleportation {unknown}
Potions
 e - 3 potions of might {unknown}
Comestibles
 b - 2 chunks of flesh
 c - 3 bread rations
 f - a slice of pizza
 i - a beef jerky


   Skills:
 + Level 3.7(3.0) Fighting
 + Level 3.8(3.1) Long Blades
 + Level 2.0(1.4) Armour
 + Level 4.2(3.5) Dodging


You had 3 spell levels left.
You didn't know any spells.

Dungeon Overview and Level Annotations

Branches:
Dungeon (2/15)

Altars:


Message History

The gnoll is almost dead.
The gnoll barely misses you. The gnoll misses you.
The gnoll hits you but does no damage.
You feel drained. The gnoll hits you with a whip.
* * * LOW HITPOINT WARNING * * *
You hit the gnoll but do no damage.
The gnoll is almost dead.
The gnoll hits you with a club.
* * * LOW HITPOINT WARNING * * *
The gnoll hits you with a flail of draining.
* * * LOW HITPOINT WARNING * * *
You feel drained.
* * * LOW HITPOINT WARNING * * *
The gnoll barely misses you.
You slash the gnoll!
You kill the gnoll!
Trog accepts your kill.
Your base Armour skill increases to level 2!
The gnoll hits you with a club.
You die...

####...........# #
...............# #
########...........######
.................)..(%..(
#..........#.......######
#..........#.......# #
#.......%..#.......# #
#..................#
........@..........#
#......g)g.#.......#
...........##..##### ###
#.............## ####..
..........#... ##.....
.#.....#.##.............
....... .. .....#......
....... .. .. ........ ..
.......


You could see 2 gnolls.

Vanquished Creatures
  A gnoll (D:2)
  2 adders (D:2)
  A worm (D:2)
  2 dart slugs
  A giant gecko (D:1)
  A giant cockroach (D:1)
  8 goblins
  6 hobgoblins
  2 jackals (D:2)
  6 bats
  2 giant newts (D:1)
  7 kobolds
  2 rats (D:1)
41 creatures vanquished.

Notes
Turn   | Place    | Note
--------------------------------------------------------------
     0 | D:1      | Steelers13 the Merfolk Berserker began the quest for the Orb.
     0 | D:1      | Reached XP level 1. HP: 18/18 MP: 1/1
   187 | D:1      | Reached XP level 2. HP: 16/24 MP: 2/2
   834 | D:1      | Reached skill level 3 in Dodging
  1090 | D:1      | Reached XP level 3. HP: 21/29 MP: 3/3
  1680 | D:2      | Reached ** piety under Trog
  2072 | D:2      | Reached skill level 4 in Dodging
  2082 | D:2      | Reached XP level 4. HP: 26/36 MP: 4/4
  2227 | D:2      | HP: 1/37 [gnoll/flail of draining (1)]
  2228 | D:2      | Slain by a gnoll

Skill      XL: |  1  2  3  4 |
---------------+-------------+-----
Dodging        | 3 4 |  4.2
Armour         | 2 |  2.0
Fighting       | |  3.7
Long Blades    | |  3.8

Action                   |  1- 3 |  4- 6 || total
-------------------------+-------+-------++-------
Melee: Falchion          |   112 |    33 ||   145
  Eat: Chunk             |     3 |     1 ||     4
Armor: Animal skin       |    30 |       ||    30
       Ring mail         |    35 |       ||    35
       Scale mail        |    21 |    11 ||    32
Dodge: Dodged            |   196 |    24 ||   220
